AoeStats
← 沒起房子我日

Arena

508783680Analyzed
4v4 RM · 8d ago on Sep 24, 2026· 46m 53s· 8 players
Game mode
Random Map
Map size
Large (8 player)
Population
200
Speed
Normal
Resources
Standard
Victory
Conquest
Starting age
Dark Age
Ending age
Imperial Age
RankedLock teamsTeams togetherTeam positionsShared explorationLock speedFull tech treeHidden civsTurbo modeCheats
Victory
Defeat
🇭🇰 Teutons · Hong Kong SAR China
1441
+20
🇺🇸 Burgundians · United States
1429
+21
🇧🇷 Khmer · Brazil
1424
+21
🇺🇸 Britons · United States
1418
+21
🇺🇸 Lithuanians · United States
1580
-22
🇺🇸 Mongols · United States
1573
-22
🇹🇼 Bengalis · Taiwan
1507
-20
🇲🇽 Teutons · Mexico
1498
-19
Seifer
4:42 Loom
5:59 Loom
8:29 Feudal Age
9:24 Double-Bit Axe
10:18 Town Watch
11:53 Stone Mining
13:04 Horse Collar
15:45 Fletching
23:23 Castle Age
23:29 Wheelbarrow
24:19 Bodkin Arrow
24:36 Bow Saw
24:28 Heavy Plow
29:14 Fortified Wall
31:28 Gold Mining
32:35 Hand Cart
37:18 Imperial Age
34:53 Scale Mail Armor
36:24 Stone Shaft Mining
36:38 Chain Mail Armor
36:33 Forging
39:08 Two-Man Saw
38:40 Plate Mail Armor
38:46 Iron Casting
39:29 Chemistry
37:58 Pikeman
39:14 Squires
39:20 Halberdier
40:23 Siege Engineers
41:07 Conscription
41:23 Hoardings
41:04 Masonry
42:33 Blast Furnace
43:04 Ballistics
44:22 Arson
47:10 Hoardings
The Quadfather
10:58 Feudal Age
14:26 Castle Age
12:23 Double-Bit Axe
12:47 Horse Collar
15:27 Bow Saw
15:30 Heavy Plow
17:33 Loom
20:34 Fletching
21:21 Wheelbarrow
22:22 Bodkin Arrow
24:30 Gold Mining
25:29 Hand Cart
30:23 Imperial Age
29:30 Thumb Ring
31:19 Bracer
32:21 Chemistry
32:10 Drill
31:27 Onager
33:02 Scale Mail Armor
32:23 Pikeman
33:23 Squires
34:40 Siege Onager
38:14 Chain Mail Armor
40:36 Plate Mail Armor
AttilathePun463
10:11 Feudal Age
14:25 Castle Age
12:57 Horse Collar
13:52 Double-Bit Axe
14:18 Loom
15:17 Bow Saw
17:23 Light Cavalry
20:04 Husbandry
22:23 Heavy Plow
24:33 Wheelbarrow
24:47 Bloodlines
27:36 Gold Mining
28:10 Hand Cart
28:16 Scale Barding Armor
29:24 Chain Barding Armor
33:46 Imperial Age
31:45 Forging
34:07 Iron Casting
33:31 Stone Mining
33:54 Cavalier
35:14 Plate Barding Armor
37:47 Two-Man Saw
37:12 Paladin
40:04 Stone Shaft Mining
40:25 Scale Mail Armor
39:48 Pikeman
40:28 Squires
41:30 Halberdier
沒起房子我日
10:02 Feudal Age
9:37 Loom
13:52 Castle Age
13:36 Double-Bit Axe
15:49 Fletching
33:10 Bodkin Arrow
Alt+F4 | Popo
4:07 Double-Bit Axe
11:52 Feudal Age
13:21 Bow Saw
15:49 Castle Age
13:49 Horse Collar
16:07 Light Cavalry
18:24 Loom
20:02 Husbandry
20:30 Heavy Plow
25:06 Wheelbarrow
25:03 Gold Mining
25:18 Stone Mining
28:54 Imperial Age
26:41 Hand Cart
27:58 Two-Man Saw
27:33 Crop Rotation
27:11 Scale Barding Armor
27:16 Treadmill Crane
28:13 Cavalier
29:16 Chain Barding Armor
30:03 Conscription
30:32 Plate Barding Armor
30:49 Paladin
32:48 Chemistry
34:14 Fletching
34:46 Ballistics
34:27 Padded Archer Armor
34:38 Forging
34:56 Bodkin Arrow
35:03 Bodkin Arrow
34:32 Elite Skirmisher
35:19 Hussar
39:45 Bracer
39:55 Forging
42:04 Iron Casting
45:26 Blast Furnace
44:42 Leather Archer Armor
46:53 Scale Mail Armor
47:24 Burgundian Vineyards
Hugh Jayniss
6:14 Loom
8:14 Feudal Age
8:59 Town Watch
11:13 Fletching
23:40 Scale Mail Armor
27:16 Forging
27:38 Double-Bit Axe
34:29 Horse Collar
36:04 Gold Mining
39:53 Castle Age
38:53 Stone Mining
44:33 Imperial Age
42:41 Wheelbarrow
41:35 Pikeman
42:16 Squires
42:01 Arson
42:40 Heavy Plow
42:58 Bow Saw
43:46 Chain Mail Armor
44:51 Hand Cart
46:30 Halberdier
Alt+F4 | Haise
7:45 Loom
10:40 Feudal Age
16:19 Castle Age
15:11 Fletching
15:33 Double-Bit Axe
18:48 Wheelbarrow
29:56 Bow Saw
30:19 Horse Collar
31:05 Gold Mining
32:18 Bodkin Arrow
33:07 Stone Mining
33:53 Padded Archer Armor
33:43 Crossbowman
35:15 Heavy Plow
35:54 Gold Shaft Mining
37:42 Leather Archer Armor
41:36 Imperial Age
41:45 Imperial Age
41:29 Yeomen
41:39 Ballistics
41:48 Hand Cart
41:48 Arbalester
42:45 Bracer
44:52 Ring Archer Armor
43:52 Elite Skirmisher
45:14 Conscription
45:26 Warwolf
47:19 Hoardings
46:57 Masonry
47:49 Chemistry
46:55 Siege Engineers
47:05 Masonry
47:01 Siege Engineers
PNLN | maromba_aoe
9:55 Feudal Age
12:35 Castle Age
11:57 Double-Bit Axe
11:53 Horse Collar
13:34 Bow Saw
17:10 Loom
18:12 Husbandry
20:08 Bloodlines
20:36 Wheelbarrow
22:23 Heavy Plow
24:41 Hand Cart
27:59 Imperial Age
27:40 Gold Mining
27:40 Stone Mining
28:17 Scale Barding Armor
28:22 Forging
28:26 Elite Battle Elephant
31:13 Chain Barding Armor
31:04 Forging
31:37 Ballistics
33:04 Gold Shaft Mining
33:04 Stone Shaft Mining
33:43 Conscription
34:54 Plate Barding Armor
34:55 Iron Casting
39:34 Blast Furnace
39:06 Fletching
40:49 Bodkin Arrow
40:56 Heavy Scorpion
44:50 Capped Ram
46:03 Siege Engineers
47:19 Chemistry
46:30 Masonry
46:31 Fortified Wall
45:56 Light Cavalry
46:42 Siege Ram
Connection lost

Rejoining the realm…

Still unreachable

The connection could not be restored.

Session expired

The server has moved on; the page needs a fresh start.